 Dungeon Crawl Stone Soup version 0.20.1-1-g8b1a95d (webtiles) character file.

192 Gatuga the Magician (level 5, -12/28 HPs)
             Began as a Deep Elf Earth Elementalist on July 17, 2017.
             Killed by divine providence
             ... invoked by an orc priest
              (15 damage)
             ... on level 4 of the Dungeon.
             The game lasted 00:29:03 (3097 turns).

Gatuga the Magician (Deep Elf Earth Elementalist)   Turns: 3097, Time: 00:29:03

Health: -12/28     AC:  3    Str:  5    XL:     5   Next: 42%
Magic:  10/14      EV: 14    Int: 21    God:
Gold:   120        SH:  0    Dex: 15    Spells: 5/13 levels left

rFire    . . .     SeeInvis .   h - +1 spear (pierce)
rCold    . . .     Gourm    .   (no shield)
rNeg     . . .     Faith    .   c - +0 robe
rPois    .         Spirit   .   (no helmet)
rElec    .         Reflect  .   (no cloak)
rCorr    .         Harm     .   l - +0 pair of gloves
MR       .....                  (no boots)
Stlth    ++........             (no amulet)
Regen    0.1/turn               (no ring)
MPRegen  0.2/turn               (no ring)

@: lethally poisoned (-12 -> -16)
A: no striking features
a: no special abilities


You were on level 4 of the Dungeon.
You were not hungry.

You visited 1 branch of the dungeon, and saw 4 of its levels.

You collected 120 gold pieces.

Inventory:

Hand Weapons
 h - a +1 spear of piercing (weapon)
 i - a +0 hunting sling
Missiles
 b - 84 stones (quivered)
 f - 46 sling bullets
Armour
 c - a +0 robe (worn)
 l - a +0 pair of gloves (worn)
Magical Staves
 n - an uncursed staff of earth
Scrolls
 a - 2 scrolls of enchant armour
 g - a scroll of magic mapping {unknown}
 j - a scroll of recharging
 k - a scroll of amnesia
 r - a scroll of teleportation
Potions
 m - a potion of agility
 p - a potion of mutation
 q - a potion of curing
Books
 e - a book of Geomancy

   Spells                             Type                      Level
   a - Sandblast                      Earth                        1
   b - Passwall                       Transmutation/Earth          2
   c - Stone Arrow                    Conjuration/Earth            3
   d - Petrify                        Transmutation/Earth          4
   e - Lee's Rapid Deconstruction     Earth                        5
Comestibles
 d - 2 bread rations
 o - a meat ration
 s - 2 chunks of flesh


   Skills:
 + Level 0.4 Fighting
 + Level 1.0 Polearms
 + Level 1.0 Slings
 + Level 3.6 Dodging
 + Level 3.2 Stealth
 + Level 4.6 Spellcasting
 + Level 1.1 Transmutations
 + Level 4.2 Earth Magic


You had 5 spell levels left.
You knew the following spells:

 Your Spells              Type           Power        Failure   Level  Hunger
a - Sandblast             Erth           ###...       1%          1    None
b - Stone Arrow           Conj/Erth      ##....       14%         3    ##.....
c - Petrify               Tmut/Erth      ###.....     36%         4    ####...


Dungeon Overview and Level Annotations

Branches:
Dungeon (4/15)
 Temple: D:4-7

Altars:
Okawaru
Zin

Annotations:
D:2 Terence


Message History

You feel sick.
An orc priest comes into view.
* * * LOW HITPOINT WARNING * * *
You feel sick.
Found a scroll labeled SEERYP GEUH.
* * * LOW HITPOINT WARNING * * *
You feel sick.
* * * LOW HITPOINT WARNING * * *
You feel sick.
Cornered, the orc turns to fight! x2
You see here a scroll labeled SEERYP GEUH.
g - a scroll labeled SEERYP GEUH
* * * LOW HITPOINT WARNING * * *
You feel sick. The orc barely misses you.
* * * LOW HITPOINT WARNING * * *
You feel sick.
The orc priest calls down the wrath of Beogh upon you.
Beogh smites you!
Ouch! That really hurt!
You die...

## ..# ##.######
#...#... ###.o.#.#
###..o"...#
#.....o...#
#.#.......#
#.###.@.### #o
#...# .### #.#
##.##
....##.####.#
...........#.#
#...........#
####.......###.##
.>...#...........o
. #........#.#.###


You could see an orc priest and 2 orcs.

Vanquished Creatures
  Jessica (D:2)
  2 worker ants (D:4)
  5 adders
  An ooze (D:1)
  2 worms (D:2)
  4 dart slugs
  2 leopard geckos
  3 bats
  2 giant cockroaches
  9 goblins
  4 hobgoblins
  5 jackals
  A quokka (D:2)
  2 ball pythons
  2 frilled lizards (D:2)
  4 kobolds
  5 rats
54 creatures vanquished.

Notes
Turn   | Place    | Note
-------+----------+-------------------------------------------
     0 | D:1      | Gatuga the Deep Elf Earth Elementalist began the quest for the Orb.
     0 | D:1      | Reached XP level 1. HP: 10/10 MP: 6/6
   199 | D:1      | Reached XP level 2. HP: 4/15 MP: 6/8
   817 | D:2      | Reached XP level 3. HP: 19/19 MP: 8/10
  1124 | D:2      | Found a glowing silver altar of Zin.
  1254 | D:1      | You fall through a shaft!
  1255 | D:2      | Noticed Jessica
  1274 | D:2      | Killed Jessica
  1274 | D:2      | Reached XP level 4. HP: 24/24 MP: 7/12
  1395 | D:2      | Found an iron altar of Okawaru.
  1431 | D:2      | Noticed Terence
  1811 | D:2      | Learned a level 3 spell: Stone Arrow
  1816 | D:2      | Learned a level 4 spell: Petrify
  2339 | D:3      | Reached XP level 5. HP: 22/28 MP: 13/13
  3041 | D:4      | Reached skill level 1 in Polearms
  3085 | D:4      | Reached skill level 1 in Slings
  3097 | D:4      | Killed from afar by an orc priest

Skill      XL: |  1  2  3  4  5 |
---------------+----------------+-----
Earth Magic    | 4 |  4.2
Spellcasting   | 4 |  4.6
Dodging        | 3 |  3.6
Stealth        | 3 |  3.2
Polearms       | 1 |  1.0
Slings         | 1 |  1.0
Fighting       | |  0.4
Transmutations | |  1.1

Action                   |  1- 3 |  4- 6 || total
-------------------------+-------+-------++-------
Melee: Spear             |    48 |    69 ||   117
 Fire: Hunting sling     |       |    12 ||    12
 Cast: Sandblast         |    26 |    17 ||    43
  Use: Scroll            |     6 |     8 ||    14
 Stab: Sleeping          |     1 |     3 ||     4
  Eat: Chunk             |     1 |     6 ||     7
Armor: Robe              |    15 |    17 ||    32
Dodge: Dodged            |    51 |    58 ||   109
